 Dungeon Crawl Stone Soup version 0.28-a0-803-g74956062c1 (webtiles) character file.

Game seed: 8465695413619671654

570 Gargoyl the Skirmisher (level 7, -7/60 HPs)
             Began as a Gnoll Abyssal Knight on Nov 7, 2021.
             Was a Priest of Lugonu.
             Mangled by an ogre (28 damage)
             ... on level 4 of the Dungeon.
             The game lasted 00:06:02 (3745 turns).

Gargoyl the Skirmisher (Gnoll Abyssal Knight)       Turns: 3745, Time: 00:06:02

Health: -7/60      AC: 14    Str: 15    XL:     7   Next: 34%
Magic:  11/11      EV:  7    Int:  9    God:    Lugonu [***...]
Gold:   104        SH:  0    Dex: 12    Spells: 10/10 levels left

rFire   . . .      SeeInvis .   a - +1 hand axe
rCold   . . .      Faith    .   (no shield)
rNeg    . . .      Spirit   .   h - +0 chain mail
rPois   .          Reflect  .   l - +0 helmet
rElec   .          Harm     .   (no cloak)
rCorr   .          Rampage  .   e - +2 pair of gloves
Will    .....                   (no boots)
Stlth   ..........              (no amulet)
HPRegen 0.20/turn               (no ring)
MPRegen 0.12/turn               (no ring)

@: no status effects
A: fangs 1, strong nose, distributed training, talons 1
a: Renounce Religion, Depart the Abyss, Bend Space, Banish


You were on level 4 of the Dungeon.
You worshipped Lugonu.
Lugonu was most pleased with you.
You visited 1 branch of the dungeon, and saw 4 of its levels.
You visited the Abyss 1 time.

You collected 104 gold pieces.

Inventory:

Hand Weapons
 a - a +1 hand axe (weapon)
 k - a +0 mace of holy wrath
Armour
 e - a +2 pair of gloves (worn)
 h - a +0 chain mail (worn)
 l - a +0 helmet (worn)
Wands
 b - a wand of digging (3)
 c - a wand of acid (6)
Scrolls
 d - a scroll of identify
Potions
 f - a potion of curing
 g - a potion of lignification
 i - a potion of might
 j - 2 potions of brilliance
 m - a potion of heal wounds


   Skills:
 + Level 7.0 Fighting
 + Level 2.4 Short Blades
 + Level 2.4 Long Blades
 + Level 5.2 Axes
 + Level 2.4 Maces & Flails
 + Level 2.4 Polearms
 + Level 2.4 Staves
 + Level 2.4 Slings
 + Level 2.4 Bows
 + Level 2.4 Crossbows
 + Level 2.4 Throwing
 + Level 5.2 Armour
 + Level 3.6 Dodging
 + Level 2.4 Stealth
 + Level 2.4 Shields
 + Level 2.4 Unarmed Combat
 + Level 2.4 Spellcasting
 + Level 2.0 Conjurations
 + Level 2.0 Hexes
 + Level 2.0 Summonings
 + Level 2.0 Necromancy
 + Level 2.0 Translocations
 + Level 2.0 Transmutations
 + Level 2.0 Fire Magic
 + Level 2.0 Ice Magic
 + Level 2.0 Air Magic
 + Level 2.0 Earth Magic
 + Level 2.0 Poison Magic
 + Level 5.3 Invocations
 + Level 2.4 Evocations


You had 10 spell levels left.
You didn't know any spells.
Your spell library was empty.

Dungeon Overview and Level Annotations

Branches:
Dungeon (4/15)
 Temple: D:4-7

Altars:
Kikubaaqudgha
Nemelex Xobeh
The Shining One

Shops:
D:2 (   D:4 :


Innate Abilities, Weirdness & Mutations

You have very sharp teeth.
Your uncanny sense of smell can sniff out nearby items.
Your experience applies equally to all skills.
You have sharp toenails.


Message History

An orc comes into view. It is wielding a +0 hand axe.
The ogre hits you with a +0 giant spiked club!
The orc hits you but does no damage.
The orc shouts!
You hit the orc.
You kill the orc!
Lugonu accepts your kill.
You hit the ogre but do no damage.
The gnoll hits you from afar with a +0 spear.
A gnoll comes into view. It is wielding a +0 flail.
A gnoll comes into view. It is wielding a +0 whip.
The ogre barely misses you.
A gnoll comes into view. It is wielding a +0 club.
The gnoll shouts!
The gnoll hits you with a +0 spear.
A gnoll comes into view. It is wielding a +0 spear.
Things that are here:
a +0 whip; a +0 chain mail; an orc corpse The gnoll hits you from afar with a +0 spear.
The ogre hits you with a +0 giant spiked club.
Things that are here:
a +0 flail; a +0 falchion
Aiming: Corrosive Bolt
Press: ? - help, Shift-Dir - straight line, f - ogre
Aim: an ogre, wielding a +0 giant spiked club (lightly wounded, 86% to hit)
The bolt of acid hits the ogre!
The acid corrodes the ogre!
The ogre is heavily wounded.
The bolt of acid hits the gnoll!
The acid corrodes the gnoll!
The gnoll is severely wounded.
The ogre hits you with a +0 giant spiked club!
The gnoll barely misses you.
Aiming: Corrosive Bolt
Press: ? - help, Shift-Dir - straight line, f/p - ogre
Aim: an ogre, wielding a +0 giant spiked club (heavily wounded, covered in acid, 86% to hit)
The bolt of acid hits the ogre!
The ogre seems to be corroded for longer.
The ogre is almost dead.
The bolt of acid misses the gnoll.
The ogre hits you with a +0 giant spiked club!!
You die...

....# #........## ######g.......
....# ##......#..###.g).)g.......
....###......###..##.###[........
.....#......#+#'#..#g# #)#######.
.....)..#..###.###...# #[##...##.
.......##.###._.###g.# #.#.....#.
......###..###.###g..# #.#.......
......# ##..#####O.### #[#.....#.
.....## #...###@.## #.##...##.
.....# ###.#..#..## #.#######.
....## #....#...## #.........
....# ##........## ########.#
...## #..........### #.#
...####............# #.#
....##............## #..
)....#............# ###
..................#


You could see an ogre (corroded) and 3 gnolls.

Vanquished Creatures
  A scorpion (D:4)
  A howler monkey (D:4)
  2 hounds (D:4)
  An orc priest (D:2)
  An iguana (D:4)
  Natasha (thrice) (D:2)
  2 orc wizards (D:2)
  2 hound skeletons (D:4)
  Robin (D:2)
  5 adders
  3 gnolls (D:3)
  2 dart slugs
  18 orcs
  8 bats
  4 endoplasms
  4 giant cockroaches
  10 goblins
  8 hobgoblins
  13 jackals
  10 ball pythons
  4 frilled lizards
  5 kobolds
  5 rats
113 creatures vanquished.

Vanquished Creatures (others)
  2 plants
2 creatures vanquished.

Grand Total: 115 creatures vanquished

Notes
Turn   | Place    | Note
-------+----------+-------------------------------------------
     0 | Abyss:1  | Gargoyl the Gnoll Abyssal Knight began the quest for the
                  | Orb.
     0 | Abyss:1  | Reached XP level 1. HP: 23/23 MP: 3/3
    87 | Abyss:2  | Noticed a worldbinder
   101 | Abyss:2  | Noticed a small abomination
   103 | Abyss:2  | Noticed an efreet
   105 | D:1      | Escaped the Abyss
   160 | D:1      | Noticed a naga
   162 | D:1      | Noticed a spriggan
   162 | D:1      | Noticed a tengu
   166 | D:1      | Noticed a draconian
   166 | D:1      | Noticed a vampire
   168 | D:1      | Noticed a vine stalker
   170 | D:1      | Noticed a demigod
   170 | D:1      | Noticed a human
   172 | D:1      | Noticed an elf
   172 | D:1      | Noticed a felid
   174 | D:1      | Noticed a minotaur
   174 | D:1      | Noticed a gargoyle
   176 | D:1      | Noticed a formicid
   176 | D:1      | Noticed a dwarf
   178 | D:1      | Noticed an octopode
   178 | D:1      | Noticed an ogre
   180 | D:1      | Noticed a ghoul
   182 | D:1      | Noticed a merfolk
   182 | D:1      | Noticed a demonspawn
   184 | D:1      | Noticed a troll
   504 | D:1      | Reached XP level 2. HP: 29/29 MP: 5/5
   532 | D:1      | Reached * piety under Lugonu
   941 | D:2      | Reached XP level 3. HP: 33/35 MP: 6/6
  1042 | D:2      | Noticed Natasha
  1060 | D:2      | Killed Natasha
  1061 | D:2      | Reached skill level 1 in Short Blades
  1061 | D:2      | Reached skill level 1 in Long Blades
  1061 | D:2      | Reached skill level 1 in Maces & Flails
  1061 | D:2      | Reached skill level 1 in Polearms
  1061 | D:2      | Reached skill level 1 in Staves
  1061 | D:2      | Reached skill level 1 in Slings
  1061 | D:2      | Reached skill level 1 in Bows
  1061 | D:2      | Reached skill level 1 in Crossbows
  1061 | D:2      | Reached skill level 1 in Throwing
  1061 | D:2      | Reached skill level 1 in Stealth
  1061 | D:2      | Reached skill level 1 in Shields
  1061 | D:2      | Reached skill level 1 in Unarmed Combat
  1061 | D:2      | Reached skill level 1 in Spellcasting
  1061 | D:2      | Reached skill level 1 in Evocations
  1275 | D:2      | Noticed Natasha
  1287 | D:2      | Killed Natasha
  1288 | D:2      | Reached XP level 4. HP: 20/41 MP: 7/7
  1340 | D:2      | Noticed Natasha
  1456 | D:2      | Killed Natasha
  1457 | D:2      | Reached skill level 1 in Conjurations
  1457 | D:2      | Reached skill level 1 in Hexes
  1457 | D:2      | Reached skill level 1 in Summonings
  1457 | D:2      | Reached skill level 1 in Necromancy
  1457 | D:2      | Reached skill level 1 in Translocations
  1457 | D:2      | Reached skill level 1 in Transmutations
  1457 | D:2      | Reached skill level 1 in Fire Magic
  1457 | D:2      | Reached skill level 1 in Ice Magic
  1457 | D:2      | Reached skill level 1 in Air Magic
  1457 | D:2      | Reached skill level 1 in Earth Magic
  1457 | D:2      | Reached skill level 1 in Poison Magic
  1569 | D:2      | Found Tuoqoddi's Antique Weapon Emporium.
  1573 | D:2      | Noticed Robin
  1586 | D:2      | Killed Robin
  1587 | D:2      | Reached XP level 5. HP: 32/47 MP: 8/8
  1754 | D:2      | Found a faded altar of an unknown god.
  1771 | D:2      | Reached ** piety under Lugonu
  2114 | D:2      | Reached skill level 5 in Invocations
  2220 | D:2      | Reached XP level 6. HP: 53/53 MP: 9/9
  2358 | D:3      | You fall into a shaft and drop 1 floor!
  2448 | D:4      | Reached skill level 5 in Axes
  2448 | D:4      | Reached skill level 5 in Armour
  2812 | D:4      | Reached XP level 7. HP: 39/59 MP: 10/10
  2977 | D:4      | Reached *** piety under Lugonu
  3092 | D:3      | Reached skill level 7 in Fighting
  3140 | D:3      | Found a glowing golden altar of the Shining One.
  3440 | D:3      | Found an ancient bone altar of Kikubaaqudgha.
  3650 | D:4      | Gained mutation: You have sharp toenails. [potion of
                  | mutation]
  3665 | D:4      | Found Orghia's Book Shoppe.
  3716 | D:4      | Found a sparkling altar of Nemelex Xobeh.
  3745 | D:4      | Mangled by an ogre

Illustrated notes

Levels and vault maps discovered:
D:1:      kb_arrival_jail, layout_loops_ring, serial_aquarium,
          aquarium_bridge_square [aquarium_subvault_bridge,
          aquarium_subvault_wall, aquarium_subvault_bridge,
          aquarium_subvault_window], aquarium_window_corner, aquarium_window_1,
          aquarium_view_2e, aquarium_pool_2, minivault_14
D:2:      layout_loops_ring, hellmonk_ecumenical_altar_crossroads, serial_shops,
          nicolae_shop_crystal, uniq_natasha, uniq_robin
D:3:      layout_rooms, mainiacjoe_overflow_boulevard,
          kiku_gazebo_garden_becter, grunt_decor_cap, minmay_shallow_snake_nest
D:4:      lemuel_castle_with_subvaults [lemuel_castle_interior_original],
          layout_cave_pods, nemelex_diamond_rough_becter,
          minmay_temple_entry_drinking_statues, serial_shops,
          nicolae_shop_trees, minmay_misc_feat_enclosed

Skill      XL: |  1  2  3  4  5  6  7 |
---------------+----------------------+-----
Short Blades   | 1 2 |  2.4
Long Blades    | 1 2 |  2.4
Maces & Flails | 1 2 |  2.4
Polearms       | 1 2 |  2.4
Staves         | 1 2 |  2.4
Slings         | 1 2 |  2.4
Bows           | 1 2 |  2.4
Crossbows      | 1 2 |  2.4
Throwing       | 1 2 |  2.4
Stealth        | 1 2 |  2.4
Shields        | 1 2 |  2.4
Unarmed Combat | 1 2 |  2.4
Spellcasting   | 1 2 |  2.4
Evocations     | 1 2 |  2.4
Conjurations   | 1 2 |  2.0
Hexes          | 1 2 |  2.0
Summonings     | 1 2 |  2.0
Necromancy     | 1 2 |  2.0
Translocations | 1 2 |  2.0
Transmutations | 1 2 |  2.0
Fire Magic     | 1 2 |  2.0
Ice Magic      | 1 2 |  2.0
Air Magic      | 1 2 |  2.0
Earth Magic    | 1 2 |  2.0
Poison Magic   | 1 2 |  2.0
Dodging        | 3 |  3.6
Invocations    | 5 |  5.3
Axes           | 5 |  5.2
Armour         | 5 |  5.2
Fighting       | 7 |  7.0

Action                   |  1- 3 |  4- 6 |  7- 9 || total
-------------------------+-------+-------+-------++-------
Melee: Hand axe          |    77 |   229 |   103 ||   409
       Bite              |     7 |    21 |    12 ||    40
       Punch             |       |     2 |     1 ||     3
       Kick              |       |       |     2 ||     2
Invok: Depart the Abyss  |     1 |       |       ||     1
Evoke: Wand              |       |       |     2 ||     2
  Use: Scroll            |     2 |     2 |     3 ||     7
       Potion            |       |       |     1 ||     1
Armor: Leather armour    |    28 |       |       ||    28
       Chain mail        |    16 |   217 |    79 ||   312
Dodge: Dodged            |    55 |   120 |    42 ||   217

Table legend: (Time is in decaauts)
 A = Elapsed time spent in this place.
 B = Non-inter-level travel time spent in this place.
 C = Inter-level travel time spent in this place.
 D = Time resting spent in this place.
 E = Time spent auto-exploring this place.
 F = Levels seen in this place.
 G = Mean time per level.
                   A        B        C        D        E       F      G
               +--------+--------+--------+--------+--------+-----+--------+
         Total |   3781 |   3726 |     55 |    340 |   2375 |   6 |  630.2 |
       Dungeon |   3676 |   3621 |     55 |    340 |   2309 |   4 |  919.0 |
         Abyss |    104 |    104 |      0 |      0 |     66 |   2 |   52.0 |
               +--------+--------+--------+--------+--------+-----+--------+

Top non-repeatable levels by time:
     D:2: 1380 daAuts
     D:4: 856 daAuts
     D:1: 808 daAuts
     D:3: 632 daAuts
 Abyss:2: 95 daAuts
 Abyss:1: 9 daAuts
